 Dungeon Crawl Stone Soup version 0.30-a0-972-gf3ab3527aa (webtiles) character file.

Game seed: 15457027691846782376

68 vishdafish the Conjurer (level 4, 30/30 HPs)
             Began as a Demonspawn Conjurer on Mar 31, 2023.
             Quit the game on level 1 of the Dungeon.
             The game lasted 00:01:56 (1007 turns).

vishdafish the Conjurer (Demonspawn Conjurer)       Turns: 1007, Time: 00:01:57

Health: 30/30      AC:  2    Str:  7    XL:     4   Next: 1%
Magic:  8/8        EV: 12    Int: 23    God:
Gold:   86         SH:  0    Dex: 12    Spells: 8/9 levels left

rFire   . . .      SeeInvis .    f - +1 dagger (vamp)
rCold   . . .      Faith    .    (no shield)
rNeg    . . .      Spirit   .    a - +0 robe
rPois   .          Reflect  .    (no helmet)
rElec   .          Rampage  .    (no cloak)
rCorr   .                        (no gloves)
Will    .....                    (no boots)
Stlth   ++                       (no amulet)
HPRegen 0.25/turn                (no ring)
MPRegen 0.11/turn                (no ring)

@: no status effects
A: spiny 1, big brain 1, demonic touch 1
a: no special abilities


You were on level 1 of the Dungeon.
You visited 1 branch of the dungeon, and saw 2 of its levels.

You collected 86 gold pieces.

Inventory:

Hand Weapons
 b - a +0 whip
 f - a +1 vampiric dagger (weapon)
Armour
 a - a +0 robe (worn)
Scrolls
 c - 2 scrolls of enchant armour {unknown}
 d - a scroll of magic mapping {unknown}
 e - 4 scrolls of identify {unknown}
 h - a scroll of poison {unknown}
Potions
 g - 2 potions of resistance {unknown}
 i - a potion of degeneration {unknown}


   Skills:
 - Level 1.7 Dodging
 - Level 1.7 Stealth
 + Level 3.1 Spellcasting
 + Level 4.8 Conjurations


You had 8 spell levels left.
You knew the following spells:

 Your Spells              Type           Power      Damage    Failure   Level
a - Magic Dart            Conj           100%       1d8       1%          1

Your spell library contained the following spells:

 Spells                   Type           Power      Damage    Failure   Level
 Searing Ray              Conj           52%        2d6       2%          2
 Dazzling Flash           Conj/Hex       28%        N/A       13%         3
 Fulminant Prism          Conj/Hex       7%         3d6       38%         4
 Iskenderun's Mystic Bla  Conj/Tloc      14%        2d5       38%         4


Dungeon Overview and Level Annotations

Branches:
Dungeon (2/15)

Altars:


Innate Abilities, Weirdness & Mutations

You are partially covered in sharp spines.
You have an unusually large brain. (Int +2)
Your touch may inflict minor irresistible damage on your foes.


Message History

No target in view!
No target in view!
No target in view!
No target in view!
No target in view!
No target in view!
No target in view!
No target in view!
No target in view!
No target in view!
You can't see any susceptible monsters within range! (Use Z to cast anyway.)
e - 4 scrolls labelled FEAMAG JUACIA (gained 1)
You open the large door.
There is a large open door here.
Found 5 stones.
Found a stone staircase leading down.
You open the door.
A quokka comes into view.
A quokka is nearby!
A quokka is nearby!
A quokka is nearby!
A quokka is nearby!
The magic dart hits the quokka.
You kill the quokka!
No target in view!
There is an open door here.
You see here a quokka corpse.
A bat comes into view.
A bat is nearby!
A bat is nearby!
The magic dart hits the bat.
The bat is moderately wounded.
The magic dart hits the bat.
You kill the bat!
You have reached level 4!
You feel agile.
Your demonic ancestry asserts itself...
Sharp spines emerge from parts of your body.
An endoplasm comes into view.
The endoplasm quivers.
Are you sure you want to abandon this character and quit the game? (Confirm with "yes".)

######## #......#
#......# #......#
#......#
#####......#############
....'†..........@.....J.
.####.........##########
.#####........#
....##........#
....########### ....#
....# ....# ....#


You could see an endoplasm.

Vanquished Creatures
  3 adders (D:2)
  A worm (D:2)
  A dart slug (D:1)
  4 ball pythons
  4 bats
  2 endoplasms
  3 goblins
  5 hobgoblins
  4 jackals (D:1)
  A quokka (D:1)
  4 kobolds (D:1)
  A rat (D:2)
33 creatures vanquished.

Notes
Turn   | Place    | Note
-------+----------+-------------------------------------------
     0 | D:1      | vishdafish the Demonspawn Conjurer began the quest for the
                  | Orb.
     0 | D:1      | Reached XP level 1. HP: 13/13 MP: 3/3
    23 | D:1      | You fall into a shaft and drop 1 floor!
   110 | D:2      | Gained mutation: Your touch may inflict minor irresistible
                  | damage on your foes. [demonic ancestry]
   110 | D:2      | Reached XP level 2. HP: 19/19 MP: 0/5
   441 | D:2      | Gained mutation: You have an unusually large brain. (Int
                  | +2) [demonic ancestry]
   441 | D:2      | Reached XP level 3. HP: 19/24 MP: 1/7
   608 | D:1      | HP: 1/24 [jackal (3)]
   977 | D:1      | Gained mutation: You are partially covered in sharp spines.
                  | [demonic ancestry]
   977 | D:1      | Reached XP level 4. HP: 30/30 MP: 5/8
  1007 | D:1      | Quit the game

Illustrated notes

Levels and vault maps discovered:
D:1:      lightli_arrival_farm, layout_basic, st_stairs_1
D:2:      layout_rooms, serial_glass, glass_columns_a, glass_columns_b

Skill      XL: |  1  2  3 |
---------------+----------+-----
Spellcasting   | 3 |  3.1
Dodging        | |  1.7
Stealth        | |  1.7
Conjurations   | |  4.8

Action                     |  1- 3 |  4- 6 || total
---------------------------+-------+-------++-------
  Melee: Unarmed           |    11 |       ||    11
         Touch             |     5 |       ||     5
         Punch             |     1 |       ||     1
         Dagger            |     6 |       ||     6
         Whip              |     5 |       ||     5
   Cast: Magic Dart        |    62 |       ||    62
    Use: Potion            |     2 |       ||     2
 Armour: Robe              |     9 |       ||     9
  Dodge: Dodged            |    41 |       ||    41

Table legend: (Time is in decaauts)
 A = Elapsed time spent in this place.
 B = Non-inter-level travel time spent in this place.
 C = Inter-level travel time spent in this place.
 D = Time resting spent in this place.
 E = Time spent auto-exploring this place.
 F = Levels seen in this place.
 G = Mean time per level.
                   A        B        C        D        E       F      G
               +--------+--------+--------+--------+--------+-----+--------+
         Total |   1005 |    997 |      8 |      0 |    838 |   2 |  502.5 |
       Dungeon |   1005 |    997 |      8 |      0 |    838 |   2 |  502.5 |
               +--------+--------+--------+--------+--------+-----+--------+

Top non-repeatable levels by time:
     D:2: 568 daAuts
     D:1: 437 daAuts
